 Dungeon Crawl Stone Soup version 0.29.1-15-g9cfb28693d (webtiles) character file.

Game seed: 17390906111424029498

10673 BuddhaDhamma the Severer (level 11, -1/82 HPs)
             Began as a Minotaur Berserker on Mar 21, 2023.
             Was a High Priest of Trog.
             Slain by a slime creature (11 damage)
             ... on level 11 of the Dungeon.
             The game lasted 00:19:00 (10788 turns).

BuddhaDhamma the Severer (Minotaur Berserker)      Turns: 10788, Time: 00:19:02

Health: -1/82      AC: 19    Str: 32    XL:     11   Next: 39%
Magic:  10/10      EV:  8    Int:  3    God:    Trog [*****.]
Gold:   689        SH:  0    Dex: 10    Spells: 10/10 levels left

rFire   . . .      SeeInvis .   n - +1 battleaxe (chaos)
rCold   . . .      Faith    .   (shield currently unavailable)
rNeg    + . .      Spirit   .   d - +0 plate armour
rPois   +          Reflect  .   (helmet restricted)
rElec   .          Harm     .   p - +2 ratskin cloak {*Rats rPois rN+ Str-1 Int-1 Dex+1}
rCorr   +          Rampage  .   g - +1 pair of gloves
Will    .....                   q - +2 pair of boots
Stlth   ..........              (no amulet)
HPRegen 0.23/turn               h - +6 ring of strength
MPRegen 0.12/turn               i - ring of resist corrosion

@: no status effects
A: horns 2, retaliatory headbutt
a: Renounce Religion, Berserk, Trog's Hand, Brothers in Arms


You were on level 11 of the Dungeon.
You worshipped Trog.
Trog was extremely pleased with you.
You visited 1 branch of the dungeon, and saw 12 of its levels.

You collected 689 gold pieces.

Inventory:

Hand Weapons
 n - a +1 battleaxe of chaos (weapon)
Armour
 d - a +0 plate armour (worn)
 g - a +1 pair of gloves (worn)
 p - the +2 ratskin cloak (worn) {*Rats rPois rN+ Str-1 Int-1 Dex+1}
   (You found it on level 3 of the Dungeon)

   When the wearer is hurt, rats may emerge from it to assist them.
   Str:       It affects your strength (-1).
   Int:       It affects your intelligence (-1).
   Dex:       It affects your dexterity (+1).
   rPois:     It protects you from poison.
   rN:        It protects you from negative energy.
 q - a +2 pair of boots (worn)
Jewellery
 h - a +6 ring of strength (left hand)
 i - a ring of resist corrosion (right hand)
 k - a ring of fire
 o - a ring of protection from fire
Wands
 m - a wand of charming (12)
 r - a wand of digging (9)
 s - a wand of iceblast (27)
 B - a wand of flame (9)
Scrolls
 a - 3 scrolls of fear
 j - a scroll of poison
 y - 2 scrolls of teleportation
 z - a scroll of blinking
 A - a scroll of identify
Potions
 b - 5 potions of curing
 c - 2 potions of flight
 e - 2 potions of attraction
 f - a potion of resistance
 l - 2 potions of degeneration
 t - 2 potions of mutation
 u - 2 potions of lignification
 v - 3 potions of might
 w - 2 potions of berserk rage
 x - a potion of haste


   Skills:
 - Level 3.6 Fighting
 + Level 20.8 Axes
 - Level 2.4 Armour
 - Level 2.1 Dodging


You had 10 spell levels left.
You didn't know any spells.
Your spell library was empty.

Dungeon Overview and Level Annotations

Branches:
Dungeon (12/15)            Temple (0/1) D:5            Lair (0/5) D:10
    Orc (0/2) D:9

Altars:
Kikubaaqudgha

Shops:
D:3 (   D:9 (

Portals:
Ice
Cave: D:12


Innate Abilities, Weirdness & Mutations

You have a pair of horns on your head.
You reflexively headbutt those who attack you in melee.


Message History

You hit the slime creature but do no damage.
You headbutt the slime creature.
The slime creature is lightly wounded.
You barely miss the slime creature. You slash the slime creature!
The slime creature goes berserk!
You slice the slime creature!!
You kill the slime creature!
Trog accepts your kill.
The slime creature hits you but does no damage. x2
You hit the slime creature.
The slime creature seems to slow down.
The slime creature is moderately wounded.
You hit the slime creature but do no damage.
You slash the slime creature!
The slime creature hits you but does no damage.
The slime creature hits you!
* * * LOW HITPOINT WARNING * * *
A hell rat scurries out from under your cloak.
The slime creature barely misses you. You furiously retaliate!
You headbutt the slime creature, but do no damage.
You slash the slime creature! You freeze the slime creature.
You headbutt the slime creature!
The slime creature is severely wounded.
You hit the slime creature.
The slime creature is poisoned.
You slash the slime creature! You burn the slime creature.
The slime creature hits you but does no damage.
You hit the slime creature. You headbutt the slime creature.
The slime creature is almost dead.
You hit the slime creature. You burn the slime creature.
You slice the slime creature!! The slime creature hits you.
* * * LOW HITPOINT WARNING * * *
The slime creature hits you but does no damage.
You barely miss the slime creature.
The slime creature is almost dead.
You slash the slime creature!
You kill the slime creature!
Trog accepts your kill.
You slash the slime creature!
You kill the slime creature!
Trog accepts your kill. The slime creature hits you!
You die...

.....#'###.#....#......#.....#
.........#.#.#.....)...####.##
.........#.#.#....[)...# #.#
.........#.#.........#.####.#
.........#.#......##.#......#
.........#.##.#...[#.#..#####
##..........)...#..#.#..#
##........#.#.#.#....####
...............r@J########
##.########...###....#...#
#.########.#.######.#.#.#
#.#......)...#.# #...#.#
##.#.####..####.# #####.#
...#.####.#####.########.#
.#....................##.#
.########.###########.##.#
......###..........##.##)#


You could see a slime creature (slow, ally target) and a friendly hell rat.

Vanquished Creatures
  A manticore (D:11)
  A cyclops (D:11)
  An ugly thing (D:11)
  An elephant (D:10)
  Joseph (D:7)
  Maggie (D:7)
  2 polar bears (D:12)
  2 hornets
  7 slime creatures
  A troll (D:9)
  A troll (shapeshifter) (D:10)
  A vampire (D:8)
  A shadow (D:9)
  A wraith (D:11)
  A wyvern (D:8)
  8 yaks
  2 basilisks (D:10)
  A steam dragon (D:6)
  Edmund (D:6)
  2 acid dragons
  Duvessa (D:7)
  9 orc warriors
  An ice beast (D:7)
  An ogre (D:5)
  3 centaurs
  A phantom (D:7)
  2 kobold brigands (D:10)
  A gnoll sergeant (D:9)
  2 necrophages (D:6)
  A bullfrog (D:8)
  2 scorpions
  9 wights
  Dowan (D:7)
  5 killer bees (D:9)
  5 howler monkeys (D:9)
  An electric eel (D:7)
  3 hounds
  6 jellies
  A gnoll bouda (D:9)
  5 orc priests
  2 iguanas
  3 orc wizards
  Robin (D:2)
  6 gnolls
  11 adders
  A shadow imp (D:8)
  10 white imps
  An ufetubus (D:4)
  2 dart slugs
  30 orcs
  10 endoplasms
  A giant cockroach (D:2)
  12 hobgoblins
  2 quokkas
  7 ball pythons
  5 bats
  A frilled lizard (D:3)
  17 goblins
  17 kobolds
  6 rats
242 creatures vanquished.

Vanquished Creatures (collateral kills)
  Prince Ribbit (D:5)
  An iguana (D:6)
  A gnoll (D:4)
  A goblin (D:4)
4 creatures vanquished.

Vanquished Creatures (others)
  A human (D:7)
  An orc wizard (D:11)
2 creatures vanquished.

Grand Total: 248 creatures vanquished

Notes
Turn   | Place    | Note
-------+----------+-------------------------------------------
     0 | D:1      | BuddhaDhamma the Minotaur Berserker began the quest for the
                  | Orb.
     0 | D:1      | Reached XP level 1. HP: 19/19 MP: 0/0
   106 | D:1      | Reached skill level 4 in Axes
   179 | D:1      | Reached XP level 2. HP: 21/26 MP: 1/1
   377 | D:1      | Found a faded altar of an unknown god.
   462 | D:1      | Reached skill level 5 in Axes
   548 | D:1      | Reached XP level 3. HP: 26/31 MP: 2/2
  1281 | D:2      | Noticed Robin
  1287 | D:2      | Reached ** piety under Trog
  1292 | D:2      | Killed Robin
  1294 | D:2      | Reached XP level 4. HP: 39/39 MP: 3/3
  1296 | D:2      | Reached skill level 6 in Axes
  2496 | D:3      | Found the +2 ratskin cloak {*Rats rPois rN+ Str-1 Int-1
                  | Dex+1}
  2570 | D:3      | Found Rodyw's Weapon Emporium.
  2743 | D:4      | Reached XP level 5. HP: 45/45 MP: 4/4
  2746 | D:4      | Reached skill level 7 in Axes
  3242 | D:4      | Reached *** piety under Trog
  3245 | D:4      | Reached skill level 8 in Axes
  3252 | D:4      | Reached XP level 6. HP: 27/51 MP: 5/5
  3722 | D:5      | Entered Level 5 of the Dungeon
  3862 | D:5      | Identified the +10 long sword "Elim" {vamp, Will++ Str+2}
  3903 | D:5      | Found a staircase to the Ecumenical Temple.
  3933 | D:5      | Identified the +5 ring mail "Hoshryer" {+Inv Str-2 Int+4}
  4031 | D:5      | Noticed Prince Ribbit
  4044 | D:5      | Killed Prince Ribbit
  4045 | D:5      | Reached skill level 9 in Axes
  4045 | D:5      | Reached XP level 7. HP: 35/57 MP: 6/6
  4205 | D:5      | Reached skill level 10 in Axes
  4793 | D:6      | Reached skill level 11 in Axes
  4930 | D:6      | Reached XP level 8. HP: 64/64 MP: 7/7
  4997 | D:6      | Reached skill level 12 in Axes
  5411 | D:6      | Noticed Edmund
  5417 | D:6      | Killed Edmund
  5616 | D:7      | Noticed Maggie
  5623 | D:7      | Killed Maggie
  5624 | D:7      | Reached skill level 13 in Axes
  5682 | D:7      | Reached skill level 14 in Axes
  5690 | D:7      | Noticed Dowan
  5691 | D:7      | Noticed Duvessa
  5697 | D:7      | Killed Duvessa
  5698 | D:7      | Reached XP level 9. HP: 65/70 MP: 8/8
  5726 | D:7      | Killed Dowan
  5741 | D:7      | Found an ancient bone altar of Kikubaaqudgha.
  5754 | D:7      | Noticed Joseph
  5772 | D:7      | Killed Joseph
  6424 | D:8      | Reached skill level 15 in Axes
  6659 | D:8      | Reached skill level 16 in Axes
  7106 | D:8      | Reached **** piety under Trog
  7548 | D:8      | Reached skill level 17 in Axes
  7555 | D:8      | Reached XP level 10. HP: 77/77 MP: 9/9
  8070 | D:9      | Found Bapagran's Weapon Shoppe.
  8325 | D:9      | Reached skill level 18 in Axes
  8498 | D:9      | Found a staircase to the Orcish Mines.
  8535 | D:9      | Identified the +1 ring mail of Decompression {rN+}
  8823 | D:10     | Entered Level 10 of the Dungeon
  8843 | D:10     | Reached ***** piety under Trog
  8854 | D:10     | Reached skill level 19 in Axes
  8952 | D:10     | Found a staircase to the Lair.
  8952 | D:10     | Noticed an elephant
  9463 | D:10     | Killed an elephant
  9744 | D:11     | Noticed a purple ugly thing
  9746 | D:11     | Reached XP level 11. HP: 75/82 MP: 10/10
  9756 | D:11     | Killed a purple ugly thing
  9984 | D:11     | Reached skill level 20 in Axes
 10620 | D:12     | Found a frozen archway.
 10788 | D:11     | Slain by a slime creature

Illustrated notes

Levels and vault maps discovered:
D:1:      amcnicky_arrival_gap_in_the_tavern_cellar, layout_rooms,
          hellmonk_ecumenical_altar_arch_garden, chequers_mini_garden,
          minmay_pentomino_t4
D:2:      layout_loops_corners, uniq_robin
D:3:      layout_basic, serial_shops, nicolae_shop_trees
D:4:      layout_rooms
D:5:      layout_basic, minmay_temple_entry_statues_fountains,
          uniq_prince_ribbit1
D:6:      layout_loops_ring, uniq_edmund
D:7:      layout_cave_pools, tgw_kikubaaqudgha, minmay_misc_feat_tower,
          kennysheep_cross_bottleneck, mumra_transporter_accident, uniq_maggie,
          uniq_joseph, uniq_duvessa
D:8:      layout_rooms, kennysheep_generic_room_15
D:9:      layout_basic, orc_0_dummy, serial_shops,
          nicolae_shop_bloodbath_and_beyond, kennysheep_opposing_triangles
D:10:     layout_rooms, david_lair_generic
D:11:     layout_basic
D:12:     layout_rooms, serial_ice, serial_ice_j, serial_ice_d, serial_ice_b,
          serial_ice_c, serial_ice_o, serial_ice_g, portal_ice_cave_entry_imps,
          grunt_gozag_statues

Skill      XL: |  1  2  3  4  5  6  7  8  9 10 11 |
---------------+----------------------------------+-----
Axes           | 4 5 6 8 9 11 14 17 19 20 | 20.8
Fighting       | |  3.6
Armour         | |  2.4
Dodging        | |  2.1

Action                   |  1- 3 |  4- 6 |  7- 9 | 10-12 || total
-------------------------+-------+-------+-------+-------++-------
Melee: Hand axe          |    68 |   125 |     8 |       ||   201
       Headbutt          |     7 |    18 |    23 |    34 ||    82
       Punch             |     2 |       |       |       ||     2
       Battleaxe         |       |       |   135 |   197 ||   332
Invok: Berserk           |     1 |     2 |     2 |     5 ||    10
Evoke: Wand              |       |       |     2 |       ||     2
  Use: Scroll            |       |    13 |     6 |     6 ||    25
       Potion            |       |       |       |     1 ||     1
 Stab: Confused          |       |       |     1 |       ||     1
Armor: Leather armour    |     4 |       |       |       ||     4
       Animal skin       |     2 |       |       |       ||     2
       Ring mail         |    17 |    19 |       |       ||    36
       Scale mail        |       |    17 |    15 |       ||    32
       Plate armour      |       |       |    69 |   119 ||   188
Dodge: Dodged            |    49 |    79 |    67 |    88 ||   283
Block: Buckler           |       |     3 |     1 |       ||     4
